 Dungeon Crawl Stone Soup version 0.18.1-47-g9310371 (webtiles) character file.

133 rftp080 the Conjurer (level 5, 0/38 HPs)
             Began as a Ghoul Wizard on June 17, 2016.
             Slain by a river rat (7 damage)
             ... on level 3 of the Dungeon.
             The game lasted 00:15:26 (4080 turns).

rftp080 the Conjurer (Ghoul Wizard)                 Turns: 4080, Time: 00:15:27

Health: 0/38       AC:  2    Str: 11    XL:     5   Next: 16%
Magic:  2/8        EV: 17    Int: 14    God:
Gold:   106        SH:  0    Dex: 12    Spells: 4 memorised, 1 level left

rFire  . . .     SeeInvis .     r - +1 mace
rCold  + . .     Gourm    .     a - +0 robe
rNeg   + + +     Faith    .     (no shield)
rPois  ∞         Spirit   .     b - +0 hat
rElec  .         Dismiss  .     (no cloak)
rCorr  .         Reflect  .     (no gloves)
SustAt .         Harm     .     (no boots)
MR     .....                    k - amulet of magic regeneration
Stlth  ++........               (no ring)
                                (no ring)

@: agile, rotting, not resistant to hostile enchantments, unstealthy
A: rotting body, claws 1, carnivore 3, cold resistance 1, negative energy
resistance 3, slow regeneration 1, torment resistance, unbreathing
a: no special abilities


You were on level 3 of the Dungeon.
You were not hungry.

You visited 1 branch of the dungeon, and saw 3 of its levels.

You collected 106 gold pieces.

Inventory:

Hand Weapons
 e - a +0 dagger
 j - a +0 club
 r - a +1 mace (weapon)
Armour
 a - a +0 robe (worn)
 b - a +0 hat (worn)
Jewellery
 k - an amulet of magic regeneration (around neck)
 o - an uncursed ring of protection from magic {unknown}
 u - an uncursed ring of protection from fire {unknown}
 w - an uncursed ring of stealth {unknown}
 x - an uncursed amulet of the gourmand {unknown}
Scrolls
 g - 5 scrolls of remove curse
 h - 2 scrolls of identify
 t - a scroll of immolation
Potions
 f - a potion of mutation {unknown}
 l - a potion of cure mutation
 B - a potion of lignification
 C - a potion of resistance {unknown}
Books
 c - a book of Minor Magic

   Spells                             Type                      Level
   a - Magic Dart                     Conjuration                  1
   b - Blink                          Translocation                2
   c - Call Imp                       Summoning                    2
   d - Repel Missiles                 Charms/Air                   2
   e - Slow                           Hexes                        2
   f - Conjure Flame                  Conjuration/Fire             3
   g - Mephitic Cloud                 Conjuration/Poison/Air       3
Comestibles
 d - 3 meat rations
 z - a beef jerky


   Skills:
 - Level 1.7 Dodging
 - Level 2.1 Stealth
 - Level 3.0 Spellcasting
 + Level 3.7 Conjurations
   Level 0.8 Summonings
 - Level 0.8 Translocations


You had one spell level left.
You knew the following spells:

 Your Spells              Type           Power        Failure   Level  Hunger
a - Magic Dart            Conj           ##..         4%          1    #......
b - Blink                 Tloc           N/A          24%         2    ##.....
c - Mephitic Cloud        Conj/Pois/Air  #.......     38%         3    ###....
d - Conjure Flame         Conj/Fire      #.......     30%         3    ###....


Dungeon Overview and Level Annotations

Branches:
Dungeon (3/15)

Altars:
Nemelex Xobeh

Portals:
Sewer: D:3


Innate Abilities, Weirdness & Mutations

Your body is rotting away.
You thrive on raw meat.
You are immune to poison.
You have sharp fingernails.
You are carnivorous and can eat meat at any time.
Your flesh is cold resistant.
You are immune to negative energy.
You regenerate slowly when monsters are visible.
You are immune to unholy pain and torment.
You can survive without breathing.


Message History

Casting: Magic Dart
Confirm with . or Enter, or press ? or * to list all spells.
Aiming: Magic Dart
Press: ? - help, Shift-Dir - straight line, f/p - river rat
Aim: a river rat (moderately wounded)
The magic dart hits the river rat.
The river rat is moderately wounded.
The river rat bites you.
* * * LOW HITPOINT WARNING * * *
Drink which item? (? for menu, Esc to quit)
Your unliving flesh cannot be transformed in this way.
You are too injured to fight recklessly!
Drink which item? (? for menu, Esc to quit)
You feel agile all of a sudden. The river rat bites you.
* * * LOW HITPOINT WARNING * * *
You closely miss the river rat.
The river rat is moderately wounded.
The river rat bites you!
You die...

######.# #......#
#.###### #.# #.# #.#
#### #### #.#
#####≈≈####≈≈##
#.###.##≈≈≈≈≈≈≈≈≈≈#
#.##.#.##≈@####≈≈##
#...###.#r##s≈##≈#
####.#.##≈≈≈≈∩≈#≈#
##.###≈≈≈≈≈≈#≈#
###...#####≈≈##≈#
#.....##≈≈####≈≈##
#.#...)≈≈≈≈≈≈≈≈≈≈#
###.##.###≈≈####≈≈##
#......############
#.#


You could see a river rat.

Vanquished Creatures
  3 adders (D:2)
  3 river rats (D:3)
  2 oozes (D:2)
  2 worms (D:2)
  3 dart slugs
  5 giant geckos
  An orc (D:3)
  8 goblins
  2 hobgoblins
  3 jackals (D:2)
  4 kobolds
  3 quokkas (D:2)
  8 bats
  2 giant newts (D:1)
  5 rats
54 creatures vanquished.

Notes
Turn   | Place    | Note
--------------------------------------------------------------
     0 | D:1      | rftp080 the Ghoul Wizard began the quest for the Orb.
     0 | D:1      | Reached XP level 1. HP: 14/14 MP: 3/3
   195 | D:1      | Found a sparkling altar of Nemelex Xobeh.
   327 | D:1      | Reached skill level 1 in Conjurations
   328 | D:1      | Reached XP level 2. HP: 20/20 MP: 0/5
   332 | D:1      | Learned a level 2 spell: Blink
  1288 | D:1      | Reached XP level 3. HP: 19/26 MP: 0/6
  1639 | D:2      | Learned a level 3 spell: Mephitic Cloud
  2078 | D:2      | Reached XP level 4. HP: 15/33 MP: 1/7
  2090 | D:2      | Learned a level 3 spell: Conjure Flame
  3785 | D:3      | Reached XP level 5. HP: 12/38 MP: 3/8
  4065 | D:3      | Found a glowing drain.
  4080 | D:3      | Slain by a river rat

Skill      XL: |  1  2  3  4 |
---------------+-------------+-----
Spellcasting   | 3 |  3.0
Conjurations   | 1 2 3 |  3.7
Dodging        | |  1.7
Stealth        | |  2.1
Summonings     | |  0.8
Translocations | |  0.8

Action                   |  1- 3 |  4- 6 || total
-------------------------+-------+-------++-------
Melee: Dagger            |    17 |       ||    17
       Club              |    20 |       ||    20
       Mace              |     6 |    23 ||    29
 Cast: Magic Dart        |    85 |   106 ||   191
  Use: Potion            |     1 |     2 ||     3
       Scroll            |       |    12 ||    12
 Stab: Sleeping          |     1 |       ||     1
  Eat: Chunk             |    18 |    13 ||    31
Armor: Robe              |    22 |     5 ||    27
Dodge: Dodged            |    54 |    38 ||    92
